 Dungeon Crawl Stone Soup version 0.32-a0-5-gbffa963729 (webtiles) character file.

Game seed: 334693119143922433

588 shadizar the Trooper (level 7, 0/56 HPs)
             Began as a Djinni Fire Elementalist on Jan 13, 2024.
             Slain by an orc wizard
             ... wielding the +0 dagger of Dippith {speed, *Rage rF++}
              (5 damage)
             ... on level 4 of the Dungeon.
             The game lasted 00:03:57 (2250 turns).

shadizar the Trooper (Djinni Fire Elementalist)     Turns: 2250, Time: 00:03:57

Health: 0/56       AC:  3    Str:  7    XL:     7   Next: 65%
Gold:   121        EV:  6    Int: 19    God:
                   SH:  0    Dex: 13

rFire   + + +        n - staff of fire
rCold   x . .        (no shield)
rNeg    . . .        a - +0 robe
rPois   ∞            b - +0 helmet
rElec   .            (no cloak)
rCorr   .            (no gloves)
SInv    .            (boots unavailable)
Will    .....        (no amulet)
Stlth   ++           (no ring)
HPRegen 0.29/turn    (no ring)
MPRegen 0.00/turn

%: infuse magic (-1 HP)
@: flying, held
A: sickness immunity, fire resistance 2, cold vulnerability 1, float, innate
caster, HP casting, extra vitality 1
a: no special abilities


You were on level 4 of the Dungeon.
You visited 1 branch of the dungeon, and saw 4 of its levels.

You collected 121 gold pieces.

Inventory:

Hand Weapons
 c - a +0 club
Armour
 a - a +0 robe (worn)
 b - a +0 helmet (worn)
 d - a +0 leather armour
Magical Staves
 n - a staff of fire (weapon)
Jewellery
 m - a ring of fire
Scrolls
 e - a scroll of noise {unknown}
 f - a scroll of enchant weapon {unknown}
 g - a scroll of immolation {unknown}
 j - 5 scrolls of identify {unknown}
 l - 2 scrolls of revelation {unknown}
Potions
 h - 2 potions of curing {unknown}
 i - a potion of cancellation {unknown}
 k - a potion of brilliance {unknown}
 o - a potion of enlightenment {unknown}


   Skills:
 * Level 6.1 Fighting
 - Level 2.1 Dodging
 - Level 1.5 Stealth
 + Level 4.6 Spellcasting
 + Level 4.6 Conjurations
 + Level 4.6 Hexes
 + Level 4.6 Summonings
 + Level 4.6 Necromancy
 + Level 4.6 Translocations
 + Level 4.6 Fire Magic
 + Level 4.6 Ice Magic
 + Level 4.6 Air Magic
 + Level 4.6 Earth Magic
 + Level 4.6 Alchemy


You knew the following spells:

 Your Spells              Type           Power      Damage    Failure   Level
a - Foxfire               Conj/Fire      100%       2x1d9     1%          1
b - Scorch                Fire           66%        2d7       3%          2
c - Volatile Blastmotes   Fire/Tloc      66%        2d15      6%          3
d - Inner Flame           Hex/Fire       33%        N/A       6%          3
e - Flame Wave            Conj/Fire      33%        2d10      19%         4
f - Necrotise             Necr           88%        1d8       1%          1
g - Blink                 Tloc           44%        N/A       3%          2
h - Momentum Strike       Conj/Tloc      44%        3d9       3%          2
Your spell library was empty.

Dungeon Overview and Level Annotations

Branches:
Dungeon (4/15)
 Temple: D:4-7

Altars:


Innate Abilities, Weirdness & Mutations

You are immune to sickness and miasma.
You are immune to poison.
Your flesh is very heat resistant. (rF++)
You are vulnerable to cold. (rC-)
You float through the air rather than walking.
You learn spells naturally, not from books.
Your magical power is your life essence.
You have superior vitality. (+4 MHP)


Message History

You feel a surge of power!
Flames lash the orc wizard.
The orc wizard resists.
The orc wizard is lightly wounded.
The orc wizard's fire resistance burns away.
The orc wizard barely misses you.
The orc wizard hits you with the +0 dagger of Dippith {speed, *Rage rF++}.
* * * LOW HITPOINT WARNING * * *
The orc wizard closely misses you.
Casting: Scorch (safe; 3% risk of failure)
Confirm with . or Enter, or press ? or * to list all spells.
You feel a surge of power!
Flames lash the orc wizard.
The orc wizard resists.
The orc wizard is lightly wounded.
* * * LOW HITPOINT WARNING * * *
The orc wizard hits you with the +0 dagger of Dippith {speed, *Rage rF++}.
* * * LOW HITPOINT WARNING * * *
A ribbon worm comes into view.
The orc wizard hits you with the +0 dagger of Dippith {speed, *Rage rF++}.
* * * LOW HITPOINT WARNING * * *
Unknown command.
Unknown command.
Casting: Scorch (safe; 3% risk of failure)
Confirm with . or Enter, or press ? or * to list all spells.
You feel a surge of power!
You conjure some foxfire!
* * * LOW HITPOINT WARNING * * *
The orc wizard closely misses you.
The orc wizard hits you with the +0 dagger of Dippith {speed, *Rage rF++}.
* * * LOW HITPOINT WARNING * * *
The ribbon worm expels a string of sticky webbing.
The stream of webbing hits you but does no damage.
You are caught in a web!
Casting: Foxfire (safe; 1% risk of failure)
Confirm with . or Enter, or press ? or * to list all spells.
You feel a surge of power!
Flames lash the orc wizard.
The orc wizard resists.
The orc wizard is moderately wounded.
* * * LOW HITPOINT WARNING * * *
The foxfire hits the orc wizard.
The orc wizard resists.
The orc wizard is heavily wounded.
The foxfire hits the orc wizard but does no damage.
The orc wizard is heavily wounded.
The orc wizard hits you with the +0 dagger of Dippith {speed, *Rage rF++}.
You die...

#......####.
##...........
............
#.[.........
#...........
#.........).
#..o.§......
#...@.......
#.##§##.....
#.. w.. ....
. #....
#...#.
.[>....
#[.##...


You could see a ribbon worm (catching breath) and an orc wizard (berserk,
combustible).

Vanquished Creatures
  Grinder (D:3)
  Sigmund (D:2)
  2 orc priests (D:3)
  Natasha (thrice) (D:2)
  3 adders
  2 dart slugs (D:2)
  4 orcs (D:3)
  7 bats
  5 endoplasms
  2 giant cockroaches
  3 goblins
  3 hobgoblins
  4 jackals (D:3)
  5 kobolds
  3 quokkas
  4 ball pythons
  8 frilled lizards
  3 rats
63 creatures vanquished.

Vanquished Creatures (collateral kills)
  A foxfire (D:1)
1 creature vanquished.

Vanquished Creatures (others)
  196 foxfires
196 creatures vanquished.

Grand Total: 260 creatures vanquished

Notes
Turn   | Place    | Note
-------+----------+-------------------------------------------
     0 | D:1      | shadizar the Djinni Fire Elementalist began the quest for
                  | the Orb.
     0 | D:1      | shadizar set off with the following spells memorised:
                  | Foxfire, Scorch, Volatile Blastmotes, Inner Flame, Flame
                  | Wave.
     0 | D:1      | Reached XP level 1. HP: 15/15 MP: 0/0
    55 | D:1      | Found a faded altar of an unknown god.
   246 | D:1      | Reached skill level 1 in Fighting
   246 | D:1      | Reached XP level 2. HP: 20/22 MP: 0/0
   276 | D:1      | You are sucked into a shaft and drop 1 floor!
   491 | D:2      | Reached skill level 2 in Fighting
   491 | D:2      | Reached XP level 3. HP: 22/28 MP: 0/0
   491 | D:2      | Learned a level 1 spell: Necrotise
   526 | D:2      | Noticed Sigmund
   538 | D:2      | Killed Sigmund
   539 | D:2      | Reached skill level 4 in Fighting
   539 | D:2      | Reached XP level 4. HP: 21/37 MP: 0/0
   539 | D:2      | Reached XP level 5. HP: 24/41 MP: 0/0
   539 | D:2      | Learned a level 2 spell: Blink
   539 | D:2      | Reached XP level 6. HP: 27/47 MP: 0/0
   697 | D:2      | Noticed Natasha
   701 | D:2      | Killed Natasha
   786 | D:2      | Noticed Natasha
   835 | D:2      | Killed Natasha
   974 | D:2      | Noticed Natasha
   979 | D:2      | Killed Natasha
  1540 | D:3      | Noticed Grinder
  1542 | D:3      | Paralysed by Grinder for 3 turns
  1548 | D:3      | Killed Grinder
  1549 | D:3      | Reached skill level 5 in Fighting
  1549 | D:3      | Reached XP level 7. HP: 29/55 MP: 0/0
  1549 | D:3      | Learned a level 2 spell: Momentum Strike
  1878 | D:3      | Reached skill level 6 in Fighting
  2236 | D:3      | Identified the +0 dagger of Dippith {speed, *Rage rF++}
  2250 | D:4      | Slain by an orc wizard

Illustrated notes

Levels and vault maps discovered:
D:1:      dpeg_arrival_ternary, layout_basic, basic_ecumenical_altar,
          serial_park_tiny_2
D:2:      layout_rooms, uniq_natasha, uniq_sigmund
D:3:      layout_loops_ring, kennysheep_generic_room_5, uniq_grinder
D:4:      layout_basic, fedhas_altar_decomposition,
          mainiacjoe_ossuary_entry_find_the_door, serial_shops, shop, uniq_ijyb

Skill      XL: |  1  2  3  4  5  6  7 |
---------------+----------------------+-----
Fighting       | 1 2 4 5 6 |  6.1
Spellcasting   | 4 |  4.6
Conjurations   | 4 |  4.6
Hexes          | 4 |  4.6
Summonings     | 4 |  4.6
Necromancy     | 4 |  4.6
Translocations | 4 |  4.6
Fire Magic     | 4 |  4.6
Ice Magic      | 4 |  4.6
Air Magic      | 4 |  4.6
Earth Magic    | 4 |  4.6
Alchemy        | 4 |  4.6
Dodging        | |  2.1
Stealth        | |  1.5

Action                     |  1- 3 |  4- 6 |  7- 9 || total
---------------------------+-------+-------+-------++-------
  Melee: Club              |    20 |       |       ||    20
   Cast: Foxfire           |    50 |    45 |    30 ||   125
         Scorch            |     8 |     8 |    24 ||    40
 Armour: Robe              |    22 |     5 |    15 ||    42
  Dodge: Dodged            |    27 |     3 |    21 ||    51

Table legend: (Time is in decaauts)
 A = Elapsed time spent in this place.
 B = Non-inter-level travel time spent in this place.
 C = Inter-level travel time spent in this place.
 D = Time resting spent in this place.
 E = Time spent auto-exploring this place.
 F = Levels seen in this place.
 G = Mean time per level.
                   A        B        C        D        E       F      G
               +--------+--------+--------+--------+--------+-----+--------+
         Total |   2255 |   2207 |     48 |      0 |   1708 |   4 |  563.8 |
       Dungeon |   2255 |   2207 |     48 |      0 |   1708 |   4 |  563.8 |
               +--------+--------+--------+--------+--------+-----+--------+

Top non-repeatable levels by time:
     D:2: 853 daAuts
     D:3: 705 daAuts
     D:1: 692 daAuts
     D:4: 3 daAuts
